 Dungeon Crawl Stone Soup version 0.31-a0-844-gdc52ec4e09 (webtiles) character file.

Game seed: 10373620019718263895

156 zero the Digger (level 5, -13/30 HPs)
             Began as a Gargoyle Earth Elementalist on Sept 28, 2023.
             Mangled by an ogre
             ... wielding a +0 giant club
              (25 damage)
             ... on level 4 of the Dungeon.
             The game lasted 00:04:39 (2638 turns).

zero the Digger (Gargoyle Earth Elementalist)       Turns: 2638, Time: 00:04:40

Health: -13/30     AC: 12    Str: 12    XL:     5   Next: 37%
Magic:  4/8        EV: 12    Int: 17    God:
Gold:   153        SH:  0    Dex: 16    Spells: 4/8 levels left

rFire   . . .        g - +0 sling
rCold   . . .        (no shield)
rNeg    + . .        a - +0 robe
rPois   ∞            v - +0 helmet
rElec   +            (no cloak)
rCorr   .            (no gloves)
SInv    .            o - +0 pair of boots
Will    .....        (no amulet)
Stlth   ++           h - +6 ring of dexterity
HPRegen 0.25/turn    l - +4 ring of protection
MPRegen 0.11/turn

%: no passive effects
@: no status effects
A: sickness immunity, AC +4, negative energy resistance 1, electricity
resistance, torment resistance 1, petrification resistance
a: no special abilities


You were on level 4 of the Dungeon.
You visited 1 branch of the dungeon, and saw 4 of its levels.

You collected 153 gold pieces.

Inventory:

Hand Weapons
 g - a +0 sling (weapon)
Missiles
 r - 2 poisoned darts
Armour
 a - a +0 robe (worn)
 o - a +0 pair of boots (worn)
 v - a +0 helmet (worn)
Jewellery
 h - a +6 ring of dexterity (left hand)
 l - a +4 ring of protection (right hand)
Wands
 u - a wand of flame (20)
Scrolls
 c - 3 scrolls of teleportation {unknown}
 k - a scroll of immolation {unknown}
 m - a scroll of amnesia {unknown}
 q - a scroll of enchant armour {unknown}
 s - 2 scrolls of identify {unknown}
 t - a scroll of vulnerability {unknown}
Potions
 b - 2 potions of magic
 d - 2 potions of curing {unknown}
 i - a potion of heal wounds {unknown}
 j - 2 potions of berserk rage {unknown}
 n - 2 potions of attraction {unknown}
 p - a potion of cancellation {unknown}


   Skills:
 - Level 2.0 Fighting
 - Level 1.0 Ranged Weapons
 - Level 2.0 Dodging
 - Level 3.0 Stealth
 + Level 2.4 Spellcasting
 * Level 2.3 Conjurations
 - Level 0.7 Transmutations
 + Level 4.6 Earth Magic


You had 4 spell levels left.
You knew the following spells:

 Your Spells              Type           Power      Damage    Failure   Level
a - Sandblast             Erth           34%        2d9       2%          1
b - Stone Arrow           Conj/Erth      26%        3d8       13%         3

Your spell library contained the following spells:

 Spells                   Type           Power      Damage    Failure   Level
 Passwall                 Tmut/Erth      9%         N/A       10%         2
 Brom's Barrelling Bould  Conj/Erth      13%        2d4       41%         4
 Petrify                  Tmut/Erth      11%        N/A       52%         4
 Summon Ice Beast         Ice/Summ       2%         N/A       88%         4
 Summon Mana Viper        Hex/Summ       2%         N/A       99%         5
 Monstrous Menagerie      Summ           1%         N/A       100%        7


Dungeon Overview and Level Annotations

Branches:
Dungeon (4/15)
 Temple: D:4-7

Altars:

Shops:
D:2 (


Innate Abilities, Weirdness & Mutations

You are immune to sickness and miasma.
Your stone body is resilient. (AC +4)
You are immune to poison.
You resist negative energy. (rN+)
You are resistant to electric shocks. (rElec)
You are resistant to unholy torment.
You are immune to petrification.


Message History

Confirm with . or Enter, or press ? or * to list all spells.
Aiming: Sandblast (safe; 3% risk of failure)
Press: ? - help, Shift-Dir - straight line, f/p - adder
Aim: an adder (severely wounded, 70% to hit)
The blast of sand hits the adder!
You kill the adder!
An adder comes into view.
Throw: 4 darts (poison)
Press: ? - help, Shift-Dir - straight line, f - ogre
Aim: an ogre, wielding a +0 giant club (moderately wounded, 73% to hit)
You throw a poisoned dart.
The poisoned dart barely misses the ogre.
The adder hisses angrily.
Throw: 3 darts (poison)
Press: ? - help, Shift-Dir - straight line, f/p - ogre
Aim: an ogre, wielding a +0 giant club (moderately wounded, 73% to hit)
You throw a poisoned dart. The poisoned dart hits the ogre.
The ogre is poisoned.
The ogre is moderately wounded.
A kobold comes into view. It is wielding a +0 dagger.
Casting: Sandblast (safe; 2% risk of failure)
Confirm with . or Enter, or press ? or * to list all spells.
Aiming: Sandblast (safe; 2% risk of failure)
Press: ? - help, Shift-Dir - straight line, f/p - ogre
Aim: an ogre, wielding a +0 giant club (moderately wounded, poisoned, 91% to hit)
The blast of sand hits the ogre!
The ogre is heavily wounded.
The kobold shouts!
The ogre hits you with a +0 giant club!!
Ouch! That really hurt!
Casting: Sandblast (safe; 2% risk of failure)
Confirm with . or Enter, or press ? or * to list all spells.
Aiming: Sandblast (safe; 2% risk of failure)
Press: ? - help, Shift-Dir - straight line, f/p - ogre
Aim: an ogre, wielding a +0 giant club (heavily wounded, poisoned, 91% to hit)
The blast of sand hits the ogre.
The ogre is severely wounded.
The ogre hits you with a +0 giant club!!
Ouch! That really hurt!
You die...

. ## ### (( .. .. S..
## . !##.. ##.. .#
##.(. ...# ##.# ##.O#
#########..# ##.@#
##........# ##..###.#
..........# ##.......#
..........###....#####
...............###
......)....#...#
.............###
...........###
..............


You could see an ogre (poisoned) and an adder.

Vanquished Creatures
  An orc wizard (D:3)
  6 adders
  2 worms (D:3)
  3 dart slugs
  2 orcs (D:3)
  A bat (D:2)
  9 endoplasms
  5 giant cockroaches
  7 goblins
  4 hobgoblins
  2 jackals (D:3)
  2 quokkas
  3 ball pythons
  6 frilled lizards
  4 kobolds
  7 rats
64 creatures vanquished.

Notes
Turn   | Place    | Note
-------+----------+-------------------------------------------
     0 | D:1      | zero the Gargoyle Earth Elementalist began the quest for
                  | the Orb.
     0 | D:1      | Reached XP level 1. HP: 10/10 MP: 3/3
   155 | D:1      | Reached skill level 1 in Fighting
   155 | D:1      | Reached XP level 2. HP: 13/16 MP: 3/5
   183 | D:1      | Reached skill level 4 in Earth Magic
   766 | D:1      | Found a faded altar of an unknown god.
  1075 | D:2      | Reached XP level 3. HP: 20/20 MP: 6/6
  1079 | D:2      | Learned a level 3 spell: Stone Arrow
  1452 | D:2      | Reached skill level 1 in Conjurations
  1452 | D:2      | Reached XP level 4. HP: 26/26 MP: 5/7
  1587 | D:2      | Found Taqidaly's Antique Weapon Boutique.
  1838 | D:3      | Reached skill level 1 in Ranged Weapons
  2337 | D:3      | Reached XP level 5. HP: 12/30 MP: 6/8
  2630 | D:4      | Noticed an ogre
  2638 | D:4      | Mangled by an ogre

Illustrated notes

Levels and vault maps discovered:
D:1:      kennysheep_arrival_seaside, layout_basic, basic_ecumenical_altar
D:2:      layout_rooms, serial_shops, nicolae_shop_overgrown_old_shop
D:3:      layout_loops_ring, grunt_ministairs_12
D:4:      layout_rooms, ebering_ghost_inner_flame, uniq_natasha

Skill      XL: |  1  2  3  4 |
---------------+-------------+-----
Fighting       | 1 2 |  2.0
Earth Magic    | 4 |  4.6
Conjurations   | 1 2 |  2.3
Ranged Weapons | 1 |  1.0
Dodging        | 2 |  2.0
Stealth        | 3 |  3.0
Spellcasting   | |  2.4
Transmutations | |  0.7

Action                     |  1- 3 |  4- 6 || total
---------------------------+-------+-------++-------
  Melee: Club              |     7 |       ||     7
   Fire: Sling             |    54 |    43 ||    97
  Throw: Dart              |       |     3 ||     3
   Cast: Sandblast         |    27 |    27 ||    54
 Armour: Robe              |    20 |    22 ||    42
  Dodge: Dodged            |    14 |    11 ||    25

Table legend: (Time is in decaauts)
 A = Elapsed time spent in this place.
 B = Non-inter-level travel time spent in this place.
 C = Inter-level travel time spent in this place.
 D = Time resting spent in this place.
 E = Time spent auto-exploring this place.
 F = Levels seen in this place.
 G = Mean time per level.
                   A        B        C        D        E       F      G
               +--------+--------+--------+--------+--------+-----+--------+
         Total |   2702 |   2576 |    126 |    130 |   1964 |   4 |  675.5 |
       Dungeon |   2702 |   2576 |    126 |    130 |   1964 |   4 |  675.5 |
               +--------+--------+--------+--------+--------+-----+--------+

Top non-repeatable levels by time:
     D:1: 1083 daAuts
     D:3: 850 daAuts
     D:2: 652 daAuts
     D:4: 116 daAuts
